 Dungeon Crawl Stone Soup version 0.26.0-10-g1f06aea511 (webtiles) character file.

Game seed: 5641388663580253816

480 Arum the Skirmisher (level 7, -12/44 HPs)
             Began as a Gargoyle Fighter on Jan 18, 2021.
             Mangled by an ogre
             ... wielding a +0 giant club
              (28 damage)
             ... on level 4 of the Dungeon.
             The game lasted 00:05:14 (4210 turns).

Arum the Skirmisher (Gargoyle Fighter)              Turns: 4210, Time: 00:05:15

Health: -12/44     AC: 12    Str: 21    XL:     7   Next: 11%
Magic:  7/7        EV:  9    Int:  9    God:
Gold:   172        SH:  4    Dex:  9    Spells: 6/6 levels left

rFire    . . .     SeeInvis .   a - +0 flail
rCold    + . .     Faith    .   u - +0 buckler
rNeg     + . .     Spirit   .   b - +0 scale mail
rPois    ∞         Reflect  .   (no helmet)
rElec    +         Harm     .   (no cloak)
rCorr    .         Rampage  .   (no gloves)
Will     .....                  (no boots)
Stlth    ..........             (no amulet)
HPRegen  0.14/turn              g - ring of protection from cold
MPRegen  0.10/turn              (no ring)

@: no status effects
A: negative energy resistance 1, electricity resistance, unbreathing,
petrification resistance, miasma immunity, AC +4
a: no special abilities


You were on level 4 of the Dungeon.
You visited 1 branch of the dungeon, and saw 4 of its levels.
You also visited: Sewer.

You collected 172 gold pieces.

Inventory:

Hand Weapons
 a - a +0 flail (weapon)
Armour
 b - a +0 scale mail (worn)
 c - a +0 kite shield
 u - a +0 buckler (worn)
Jewellery
 g - a ring of protection from cold (left hand)
Wands
 l - a wand of iceblast (9)
 m - a wand of flame (13)
Scrolls
 e - 2 scrolls of enchant weapon {unknown}
 f - a scroll of enchant armour {unknown}
 i - a scroll of noise {unknown}
 j - 4 scrolls of teleportation {unknown}
 k - 4 scrolls of identify {unknown}
 n - a scroll of amnesia {unknown}
 o - 2 scrolls of blinking {unknown}
 r - a scroll of fear {unknown}
 s - a scroll of fog {unknown}
 t - a scroll of remove curse {unknown}
Potions
 d - 3 potions of might
 h - a potion of lignification {unknown}
 p - 2 potions of magic {unknown}
 q - 2 potions of heal wounds {unknown}


   Skills:
 + Level 5.1 Fighting
 + Level 4.1 Maces & Flails
 + Level 5.1 Armour
 - Level 5.0 Shields


You had 6 spell levels left.
You didn't know any spells.
Your spell library contained the following spells:

 Spells                   Type           Power        Failure   Level
 Foxfire                  Conj/Fire      0%           71%         1
 Shock                    Conj/Air       0%           71%         1


Dungeon Overview and Level Annotations

Branches:
Dungeon (4/15)             Temple (0/1) D:4           Sewer (visited)

Altars:
Sif Muna
Trog


Innate Abilities, Weirdness & Mutations

You are resistant to torment.
Your stone body is resilient. (AC +4)
You are immune to poison.
You resist negative energy. (rN+)
You are resistant to electric shocks. (rElec)
You can survive without breathing.
You are immune to petrification.
You are immune to miasma.


Message History

The giant cockroach bites you but does no damage.
You hit the giant cockroach.
You kill the giant cockroach!
No target in view!
No target in view!
No target in view!
No target in view!
No target in view!
No target in view!
No target in view!
An ogre comes into view. It is wielding a +0 giant club.
The ogre shouts!
The ogre hits you with a +0 giant club!!
Ouch! That really hurt!
There is a staircase to the Ecumenical Temple here.
You hit the ogre.
The ogre is lightly wounded.
The ogre hits you with a +0 giant club!!
Ouch! That really hurt!
You die...

.............#
##########.###
###.....(######### #
###...#######...... .##
....### ###..#...##..
##### #.....#.#..#
##########..#..#....# #
.............##....#...#
##########.....O@......#
### #.....#....##...#
..## ##.##.#....#..# #
#.<####..##.#..#.#.....
.............##...#....#
.......#####........#.##
PP..##...........###..#
♣♣..P#..♣.♣♣♣..#.# .##
♣♣P.#..♣ (.


You could see an ogre.

Vanquished Creatures
  An orc warrior (D:4)
  An ogre (D:4)
  A hound (D:4)
  An orc priest (D:4)
  2 orc wizards
  A worker ant (D:4)
  A howler monkey skeleton (D:4)
  5 adders
  A worm (D:2)
  2 dart slugs (D:1)
  A leopard gecko (D:3)
  8 orcs
  5 ball pythons
  6 bats
  9 giant cockroaches
  6 goblins
  7 hobgoblins
  13 jackals
  14 kobolds
  A quokka (D:2)
  11 frilled lizards
  5 rats
102 creatures vanquished.

Vanquished Creatures (others)
  2 bushes (D:4)
  12 plants
14 creatures vanquished.

Grand Total: 116 creatures vanquished

Notes
Turn   | Place    | Note
-------+----------+-------------------------------------------
     0 | D:1      | Arum the Gargoyle Fighter began the quest for the Orb.
     0 | D:1      | Reached XP level 1. HP: 14/14 MP: 1/1
   222 | D:1      | Reached XP level 2. HP: 18/19 MP: 2/2
   563 | D:1      | Reached XP level 3. HP: 19/23 MP: 3/3
  1536 | D:2      | Reached XP level 4. HP: 27/29 MP: 4/4
  2177 | D:3      | Found a glowing drain.
  2193 | Sewer    | Entered a sewer
  2309 | Sewer    | Reached XP level 5. HP: 32/33 MP: 5/5
  2856 | D:3      | Found a faded altar of an unknown god.
  3458 | D:4      | Noticed an ogre
  3477 | D:4      | Killed an ogre
  3478 | D:4      | Reached XP level 6. HP: 22/39 MP: 6/6
  3686 | D:4      | Found a shimmering blue altar of Sif Muna.
  3708 | D:4      | Identified Sif Muna's Grimoire of the Cloudy Arsonist
  3714 | D:4      | Found a bloodstained altar of Trog.
  3714 | D:4      | Noticed an orc warrior
  3732 | D:4      | Killed an orc warrior
  4010 | D:4      | Reached skill level 5 in Fighting
  4010 | D:4      | Reached skill level 5 in Shields
  4105 | D:4      | Reached skill level 5 in Armour
  4105 | D:4      | Reached XP level 7. HP: 44/44 MP: 7/7
  4193 | D:4      | Found a staircase to the Ecumenical Temple.
  4210 | D:4      | Mangled by an ogre

Illustrated notes

Levels and vault maps discovered:
D:1:      dpeg_arrival_yet_another_circle, layout_loops_ring
D:2:      layout_basic, feat_on_display
D:3:      layout_basic, gup_sewer_entry_pipe, chequers_ecumenical_altar_simple,
          minmay_misc_feat_nine_boxes
D:4:      layout_rooms, nzn_overflow_gifts_of_might_and_magic,
          lemuel_round_altar, minmay_temple_entry_mini_moons, serial_forest,
          infiniplex_forest_clump_medium, infiniplex_forest_zigzag_2,
          infiniplex_forest_join, infiniplex_forest_clump_long,
          infiniplex_forest_clump_double, infiniplex_forest_clump_tiny,
          infiniplex_forest_clump_medium

Skill      XL: |  1  2  3  4  5  6 |
---------------+-------------------+-----
Fighting       | 4 5 |  5.1
Armour         | 4 5 |  5.1
Shields        | 4 5 |  5.0
Maces & Flails | 3 4 |  4.1

Action                   |  1- 3 |  4- 6 |  7- 9 || total
-------------------------+-------+-------+-------++-------
Melee: Flail             |   145 |   259 |    38 ||   442
Armor: Scale mail        |    74 |   161 |    14 ||   249
Dodge: Dodged            |    51 |    78 |    18 ||   147
Block: Kite shield       |    74 |   135 |       ||   209
       Buckler           |       |     5 |     9 ||    14
